 Dungeon Crawl Stone Soup version 0.19.4-8-ga85b6b9 (webtiles) character file.

87 vatarom the Cudgeler (level 4, -12/35 HPs)
             Began as a Demonspawn Chaos Knight on Feb 13, 2017.
             Killed by divine providence
             ... invoked by an orc priest
              (17 damage)
             ... on level 3 of the Dungeon.
             The game lasted 00:02:51 (1397 turns).

vatarom the Cudgeler (Demonspawn Chaos Knight)      Turns: 1397, Time: 00:02:53

Health: -12/35     AC:  5    Str: 11 (13) XL:     4   Next: 28%
Magic:  4/4        EV: 11    Int: 11 (13) God:    Xom [......]
Gold:   191        SH:  0    Dex: 11 (13) Spells: 0 memorised, 3 levels left

rFire  . . .     SeeInvis .     a - +0 mace (chaos)
rCold  . . .     Gourm    .     b - +2 leather armour
rNeg   . . .     Faith    .     (no shield)
rPois  .         Spirit   .     (no helmet)
rElec  .         Reflect  .     (no cloak)
rCorr  .         Harm     .     (no gloves)
MR     .....                    (no boots)
Stlth  +.........               f - amulet of rage
                                (no ring)
                                (no ring)

@: no status effects
A: blink, slow regeneration 1, spiny 2
a: Blink, Renounce Religion, Evoke Berserk Rage


You were on level 3 of the Dungeon.
You worshipped Xom.
You were a very special plaything of Xom.
You were not hungry.

You visited 1 branch of the dungeon, and saw 3 of its levels.

You collected 191 gold pieces.

Inventory:

Hand Weapons
 a - a +0 mace of chaos (weapon)
 m - a +4 quarterstaff
Missiles
 e - 4 javelins (quivered)
Armour
 b - a +2 leather armour (worn)
Jewellery
 f - an amulet of rage (around neck)
Scrolls
 g - 2 scrolls of identify
 h - 3 scrolls of magic mapping
 j - a scroll of recharging
Potions
 i - a potion of flight {unknown}
Comestibles
 c - 2 chunks of flesh
 d - a meat ration
 k - 2 fruits
 l - a bread ration


   Skills:
 - Level 3.0 Fighting
 + Level 4.1 Maces & Flails
 * Level 2.7 Armour
 - Level 0.8 Dodging


You had 3 spell levels left.
You didn't know any spells.

Dungeon Overview and Level Annotations

Branches:
Dungeon (3/15)

Altars:
Sif Muna
Uskayaw
The Shining One


Innate Abilities, Weirdness & Mutations

You are mostly covered in sharp spines.
You can translocate small distances at will.
You regenerate slowly when monsters are visible.


Message History

An orc wizard comes into view. It is wielding a dagger.
Unknown command.
You sock Jessica!
Jessica is poisoned.
Jessica is almost dead.
The orc hits you but does no damage.
Jessica very coldly says, "I hate your company."
Jessica hits you but does no damage.
An orc comes into view. It is wielding a club.
Unknown command.
You hit Jessica. You burn Jessica.
You kill Jessica!
You feel your strength returning.
You have reached level 4!
You feel agile.
Your demonic ancestry asserts itself...
Sharp spines emerge from more of your body.
Xom is mildly amused.
The orc priest invokes the aid of Beogh against you.
Beogh smites you!
You die...
Xom snickers! [o.# o..## ..oo. .S.. #So# oo#

#o# #@# #S#
#.######..
###.#.......
#.....#
......##.#####..
....## #...[...#
... #..#.#### ##
#.##..###


You could see 2 orc priests, an orc wizard, an adder, 5 orcs and 2 ball pythons.

Vanquished Creatures
  Jessica (D:3)
  2 adders (D:2)
  3 worms (D:2)
  A ball python (D:3)
  A bat (D:1)
  2 giant cockroaches (D:1)
  7 goblins
  3 hobgoblins
  2 jackals (D:2)
  3 frilled lizards
  5 kobolds
  4 rats
34 creatures vanquished.

Vanquished Creatures (others)
  4 toadstools (D:1)
4 creatures vanquished.

Grand Total: 38 creatures vanquished

Notes
Turn   | Place    | Note
-------+----------+-------------------------------------------
     0 | D:1      | vatarom the Demonspawn Chaos Knight began the quest for the Orb.
     0 | D:1      | Reached XP level 1. HP: 18/18 MP: 1/1
    14 | D:1      | XOM: harmless Pois miscast
    54 | D:1      | Reached skill level 3 in Maces & Flails
    75 | D:1      | XOM: give mutations
    75 | D:1      | Gained mutation: Armour fits poorly on your strangely shaped body. [Xom's mischief]
    75 | D:1      | Gained mutation: You regenerate slowly when monsters are visible. [Xom's mischief]
    75 | D:1      | Gained mutation: You can translocate small distances at will. [Xom's mischief]
    75 | D:1      | Lost mutation: Armour fits poorly on your strangely shaped body. [Xom's mischief]
   174 | D:1      | Gained mutation: You are partially covered in sharp spines. [demonic ancestry]
   174 | D:1      | Reached XP level 2. HP: 13/24 MP: 2/2
   338 | D:1      | XOM: 1-stop teleportation journey
   340 | D:1      | XOM: polymorph bat -> goblin
   813 | D:2      | Found a deep blue altar of Sif Muna.
   847 | D:2      | Reached XP level 3. HP: 29/29 MP: 3/3
   895 | D:2      | XOM: severe Necr miscast
  1121 | D:2      | Found a hide-covered altar of Uskayaw.
  1285 | D:2      | Reached skill level 4 in Maces & Flails
  1290 | D:2      | Found a glowing golden altar of the Shining One.
  1387 | D:3      | Noticed Jessica
  1388 | D:3      | XOM: stat loss: -1 Int (11/13)
  1397 | D:3      | Killed Jessica
  1397 | D:3      | Gained mutation: You are mostly covered in sharp spines. [demonic ancestry]
  1397 | D:3      | Reached XP level 4. HP: 5/35 MP: 4/4
  1397 | D:3      | Killed from afar by an orc priest

Skill      XL: |  1  2  3 |
---------------+----------+-----
Maces & Flails | 3 4 |  4.1
Armour         | 2 |  2.7
Fighting       | |  3.0
Dodging        | |  0.8

Action                   |  1- 3 |  4- 6 || total
-------------------------+-------+-------++-------
Melee: Mace              |    85 |       ||    85
 Abil: Blink             |     1 |       ||     1
  Use: Scroll            |     8 |       ||     8
       Potion            |     3 |       ||     3
 Stab: Petrifying        |     1 |       ||     1
  Eat: Bread ration      |     1 |       ||     1
Armor: Leather armour    |    34 |       ||    34
Dodge: Dodged            |    47 |       ||    47
